 Dungeon Crawl Stone Soup version 0.24-a0-513-g284f782df5 (webtiles) character file.

Game seed: 3240010780790559834

103 forest the Sneak (level 4, 0/23 HPs)
             Began as a Spriggan Assassin on July 20, 2019.
             Succumbed to an adder's poison
             ... on level 2 of the Dungeon.
             The game lasted 00:05:13 (2311 turns).

forest the Sneak (Spriggan Assassin)                Turns: 2311, Time: 00:05:14

Health: 0/23       AC:  3    Str:  8    XL:     4   Next: 51%
Magic:  5/5        EV: 17    Int: 12    God:
Gold:   69         SH:  0    Dex: 17    Spells: 3/3 levels left

rFire    + . .     SeeInvis +   a - +2 dagger
rCold    + . .     Gourm    .   (shield restricted)
rNeg     . . .     Faith    .   b - +0 robe
rPois    +         Spirit   .   (helmet restricted)
rElec    +         Reflect  .   c - +0 cloak
rCorr    +         Harm     .   (gloves unavailable)
MR       .....                  (boots unavailable)
Stlth    ++++......             (no amulet)
HPRegen  0.07/turn              (no ring)
MPRegen  0.09/turn              (no ring)

@: lethally poisoned (0 -> -3), resistant, very quick
A: very small, unfitting armour, see invisible, herbivore, speed 3, slow
metabolism 2
a: no special abilities


You were on level 2 of the Dungeon.
You were not hungry.

You visited 1 branch of the dungeon, and saw 3 of its levels.

You collected 69 gold pieces.

Inventory:

Hand Weapons
 a - a +2 dagger (weapon)
 s - a +0 hunting sling
Missiles
 d - 12 poisoned darts (quivered)
 e - 2 curare-tipped darts
 g - 94 stones
 o - 26 sling bullets
Armour
 b - a +0 robe (worn)
 c - a +0 cloak (worn)
Jewellery
 j - an uncursed amulet of faith
Scrolls
 h - a scroll of teleportation {unknown}
 i - a scroll of amnesia {unknown}
 k - a scroll of remove curse {unknown}
 l - a scroll of enchant armour {unknown}
 p - a scroll of fog {unknown}
Comestibles
 f - 5 rations


   Skills:
 + Level 2.0 Fighting
 + Level 3.2 Short Blades
 + Level 2.2 Throwing
 + Level 2.0 Dodging
 + Level 7.7 Stealth


You had 3 spell levels left.
You didn't know any spells.
Your spell library was empty.

Dungeon Overview and Level Annotations

Branches:
Dungeon (3/15)

Altars:
Elyvilon
Gozag
Kikubaaqudgha
Qazlal
Wu Jian

Shops:
D:3 *

Annotations:
D:3 Ijyb


Innate Abilities, Weirdness & Mutations

You are very small and have problems with some larger weapons.
You are too small for most types of armour.
You have supernaturally acute eyesight. (SInv)
You are a herbivore.
You cover ground extremely quickly.
You need to consume almost no food.


Message History

* * * LOW HITPOINT WARNING * * *
You feel sick.
* * * LOW HITPOINT WARNING * * *
You feel sick.
It was a potion of agility.
You feel agile all of a sudden.
It was a potion of brilliance.
You feel clever all of a sudden.
* * * LOW HITPOINT WARNING * * *
You feel sick.
It was a potion of cancellation.
Your magical effects are unravelling.
You feel magically purged.
You feel a little less clever now.
You feel a little less agile now.
It was a potion of resistance.
You feel protected.
* * * LOW HITPOINT WARNING * * *
You feel sick. The ball python completely misses you.
The ball python closely misses you.
You die...

#.# ######### #.#
#.......# #### #.#
#.#####.# ...###.#
#.# #.# ...).#.#
#.# #.#
.###>#.###.# #.#
.# #...<...# #.#
.###.#.##### #.#
.......#########@#
#..###...........#
#..############..#
........# #.S#
#.#####.# #..# #.#
#.# #..#
#.#####.#### #..#
#.....>....# #..#
..######.#.# #..#


You could see a ball python.

Vanquished Creatures
  4 adders (D:2)
  2 dart slugs
  9 leopard geckos
  3 orcs
  3 bats
  2 giant cockroaches
  2 hobgoblins
  3 jackals
  5 frilled lizards
  9 goblins
  4 kobolds
  5 rats
51 creatures vanquished.

Notes
Turn   | Place    | Note
-------+----------+-------------------------------------------
     0 | D:1      | forest the Spriggan Assassin began the quest for the Orb.
     0 | D:1      | Reached XP level 1. HP: 10/10 MP: 2/2
   152 | D:1      | Reached skill level 6 in Stealth
   237 | D:1      | Reached XP level 2. HP: 14/15 MP: 3/3
   666 | D:1      | Reached skill level 7 in Stealth
   666 | D:1      | Reached XP level 3. HP: 15/18 MP: 4/4
  1067 | D:2      | Found an ancient bone altar of Kikubaaqudgha.
  1067 | D:2      | Found a white marble altar of Elyvilon.
  1068 | D:2      | Found an ornate altar of the Wu Jian Council.
  1230 | D:2      | Reached XP level 4. HP: 12/23 MP: 5/5
  1553 | D:2      | Found a stormy altar of Qazlal.
  2056 | D:3      | Noticed Ijyb
  2204 | D:3      | Found an opulent altar of Gozag.
  2204 | D:3      | Found Gozag's Platinum Reserve.
  2306 | D:2      | HP: 1/23 [poisoned by an adder]
  2311 | D:2      | Succumbed to an adder's poison

Levels and vault maps discovered:
D:1:      dpeg_arrival_arbitrary_b, layout_rooms
D:2:      layout_loops_ring, nicolae_qazlal_general_emergency,
          gammafunk_temple_overflow_forgotten, first_ration
D:3:      layout_loops_cross, nicolae_gozag_zags_fifth_avenue, tgw_xom,
          makhleb_altar_promises_db, uniq_ijyb

Skill      XL: |  1  2  3  4 |
---------------+-------------+-----
Stealth        | 6 7 |  7.7
Fighting       | 2 |  2.0
Short Blades   | 3 |  3.2
Dodging        | 2 |  2.0
Throwing       | |  2.2

Action                   |  1- 3 |  4- 6 || total
-------------------------+-------+-------++-------
Melee: Dagger            |   133 |    52 ||   185
Throw: Dart              |     1 |     2 ||     3
  Use: Potion            |       |     4 ||     4
 Stab: Sleeping          |     5 |     6 ||    11
Armor: Robe              |     3 |     5 ||     8
Dodge: Dodged            |    96 |    36 ||   132

Table legend:
 A = Non-vault XP
 B = Vault XP
 C = Vault XP percentage of total XP
 D = Non-vault monster count
 E = Vault monster count
 F = Vault count percentage of total count
                 A         B        C        D         E       F
            +---------+---------+-------+---------+---------+-------
      Total |     148 |       0 |   0.0 |      51 |       0 |   0.0
            +---------+---------+-------+---------+---------+-------
        D:1 |      48 |       0 |   0.0 |      26 |       0 |   0.0
        D:2 |      81 |       0 |   0.0 |      17 |       0 |   0.0
        D:3 |      19 |       0 |   0.0 |       8 |       0 |   0.0
            +---------+---------+-------+---------+---------+-------
